 Dungeon Crawl Stone Soup version 0.24.0-41-g2ae2f7f1be (webtiles) character file.

Game seed: 3890784779999510576, levelgen mode: deterministic

40 DildoBatman the Magician (level 3, -1/24 HPs)
             Began as a Formicid Wizard on Dec 13, 2019.
             Slain by a centaur (3 damage)
             ... on level 2 of the Dungeon.
             The game lasted 00:04:45 (1821 turns).

DildoBatman the Magician (Formicid Wizard)          Turns: 1821, Time: 00:04:45

Health: -1/24      AC:  4    Str: 11    XL:     3   Next: 72%
Magic:  5/7        EV: 12    Int: 18    God:
Gold:   79         SH:  0    Dex:  9    Spells: 1/8 levels left

rFire    . . .     SeeInvis +   q - -3 short sword (curse)
rCold    . . .     Gourm    .   (no shield)
rNeg     . . .     Faith    .   g - +0 robe
rPois    .         Spirit   .   (helmet unavailable)
rElec    .         Reflect  .   o - +0 cloak
rCorr    .         Harm     .   f - +0 pair of gloves
MR       .....                  (no boots)
Stlth    +.........             (no amulet)
HPRegen  0.08/turn              s - ring of flight
MPRegen  0.10/turn              (no ring)

@: confused, very slightly contaminated
A: permanent stasis, dig shafts and tunnels, four strong arms, antennae 3
a: Dig, Shaft Self, Evoke Flight


You were on level 2 of the Dungeon.
You were not hungry.

You visited 1 branch of the dungeon, and saw 2 of its levels.

You collected 79 gold pieces.

Inventory:

Hand Weapons
 a - a +0 short sword
 b - a +0 hunting sling
 q - a cursed -3 short sword (weapon)
Missiles
 c - 43 stones
 j - 36 arrows
 k - 32 poisoned darts
 l - 18 bolts
 r - 7 silver javelins (quivered)
Armour
 f - a +0 pair of gloves (worn)
 g - a +0 robe (worn)
 o - a +0 cloak (worn)
Jewellery
 s - a ring of flight (left hand)
Scrolls
 d - a scroll of blinking {unknown}
 e - 2 scrolls of identify {unknown}
 i - a scroll of remove curse {unknown}
 m - a scroll of random uselessness {unknown}
 p - a scroll of teleportation {unknown}
Comestibles
 n - 6 chunks of flesh
 v - 3 rations


   Skills:
 - Level 1.7 Dodging
 - Level 2.4 Stealth
 - Level 3.2 Spellcasting
 * Level 3.0 Conjurations
   Level 1.0 Summonings
   Level 0.8 Translocations


You had one spell level left.
You knew the following spells:

 Your Spells              Type           Power        Failure   Level  Hunger
a - Conjure Flame         Conj/Fire      #.......     26%         3    ###....
c - Magic Dart            Conj           ##..         4%          1    None
e - Mephitic Cloud        Conj/Pois/Air  #.......     32%         3    ###....

Your spell library contained the following spells:

 Spells                   Type           Power        Failure   Level  Hunger
 Call Imp                 Summ           #.......     16%         2    ##.....
 Slow                     Hex            #.......     24%         2    ##.....
 Blink                    Tloc           Unusable     N/A         2    N/A

Dungeon Overview and Level Annotations

Branches:
Dungeon (2/15)

Altars:

Annotations:
D:2 exclusion: sensed monster (detected), Sigmund


Innate Abilities, Weirdness & Mutations

You cannot be hasted, slowed, berserked, paralysed or teleported.
You can dig through walls and to a lower floor.
Your four strong arms can wield two-handed weapons with a shield.
You have a pair of large antennae on your head. (SInv)


Message History

That beam is likely to hit you.
Continue anyway?
The ball explodes into a vile cloud!
The stinking cloud engulfs the centaur but does no damage.
The stinking cloud engulfs you but does no damage.
You are engulfed in noxious fumes.
You choke on the stench!
You are confused.
The centaur is engulfed in noxious fumes.
The centaur appears confused.
The centaur hits you.
You barely miss the centaur.
The centaur is lightly wounded.
You are engulfed in noxious fumes.
You choke on the stench!
You are more confused.
The centaur is engulfed in noxious fumes.
The centaur barely misses you.
The centaur is engulfed in noxious fumes.
The centaur hits you.
You die...

#.....## ####.#
##...## #.# ##+# #.#
# ## ### #.# #. #..
..# #รท# ###.##.#
#.# #.# .....#.# #.#
#.#
#......####.####.#
...............(@##
#. #......#####c#
#..##..##### ##{##
#......# #.##
##.##.## ##.## # #.#
##.## .##.##.# ##.#
.......##########{##
###.###.........{.#


You could see a centaur (confused).

Vanquished Creatures
  A worm (D:2)
  2 leopard geckos (D:2)
  4 bats (D:2)
  4 giant cockroaches (D:1)
  3 goblins
  4 hobgoblins
  10 kobolds
  2 frilled lizards (D:2)
  5 rats
35 creatures vanquished.

Notes
Turn   | Place    | Note
-------+----------+-------------------------------------------
     0 | D:1      | DildoBatman the Formicid Wizard began the quest for the
                  | Orb.
     0 | D:1      | Reached XP level 1. HP: 13/13 MP: 4/4
    41 | D:1      | Reached skill level 1 in Conjurations
   217 | D:1      | Reached XP level 2. HP: 15/19 MP: 0/6
  1151 | D:2      | Noticed Sigmund
  1182 | D:2      | Reached XP level 3. HP: 24/24 MP: 5/7
  1187 | D:2      | Learned a level 3 spell: Conjure Flame
  1191 | D:2      | Learned a level 3 spell: Mephitic Cloud
  1793 | D:2      | Noticed a centaur
  1813 | D:2      | HP: 1/24 [centaur/arrow (10)]
  1821 | D:2      | Slain by a centaur

Levels and vault maps discovered:
D:1:      mushboom_english_gardens, layout_basic
D:2:      layout_loops_corners, uniq_sigmund

Skill      XL: |  1  2  3 |
---------------+----------+-----
Conjurations   | 1 2 3 |  3.0
Dodging        | |  1.7
Stealth        | |  2.4
Spellcasting   | |  3.2
Summonings     | |  1.0
Translocations | |  0.8

Action                   || total
-------------------------++-------
Melee: Club              ||     6
       Short sword       ||     2
 Fire: Hunting sling     ||    14
Throw: Stone             ||     4
       Javelin           ||     1
 Cast: Magic Dart        ||    78
       Mephitic Cloud    ||     2
 Abil: Dig               ||     1
  Use: Potion            ||     1
  Eat: Chunk             ||     3
Armor: Robe              ||     4
Dodge: Dodged            ||    26
